← All builds
Tech / Armada / Economy first / OBSERVED BUILD

Sharpshooter snipers

Armada Tech (Eco) build order · Supreme Isthmus

Standard T2 rush into an early Sharpshooter-led sniper bot push around 8:10-8:38, pairing T2 constructor support for Geo with sniper bots fighting at the middle rather than just economy scaling.

Usually first T2 con to Geo (81%)

#t2 #raid · 98 distinct matches · 50 players · 3% of Armada Tech games · team won 26% of 99 · Recently observed

THE CATCH, AND WHAT COMES WITH IT
  • SharpshooterT2 bot snipers from 8:10 · 6% of role by thenFrom the Advanced Bot Lab. Only 6% of Tech games have it by then; others who build it get it around 9:04

Where those units first fight, in 97 games with kill data: in the middle 55%, on their own side 45%.

Those units destroy a typical 1,385 metal of enemy units by 15:00.

Then transitions into anti-nuke (13% of army).

HOW TO PLAY IT

Key timing: Sharpshooter out by 9:04

  1. Open standard T2 rush with Bot Lab first.
  2. Finish Advanced Bot Lab on the normal T2 timing.
  3. Upgrade mex as usual while eco scales.
  4. Push Sharpshooter snipers from Advanced Bot Lab to fight forward in middle.
  5. Keep producing T2 cons and anti-nuke for the team.

Phase by phase

TYPICAL OF ITS 98 GAMES · AGAINST STANDARD TECH
  1. 1
  2. 2
  3. 3
  4. 4
  5. 5
PLAY THE OPENING

Follow the example game's first 9:10 step by step: what to build now, what comes next, and where it goes. At 1× it keeps pace with your own game.

  1. 1

    Up to the Bot Lab

    Economy
    • Metal Extractor3Mex
    • Wind Turbine4Wind
    Order
    1. Bot LabBot Lab after 3 mex, 4 winddone ~1:17, middle half 1:13–1:38

    Some games also: energy storage (37%)

    By 1:00 in all: 3 mex · 4 wind

    The example game in this phase · 7 steps
    1. Mex
    2. Wind
    3. Mex ×2
    4. Wind
    5. Solar
    6. Wind
    7. Bot LabBot Labdone 1:13 · typical 1:17
  2. 2

    Bot Lab to Advanced Bot Lab

    Economy
    • Metal Extractor1Mex
    • Wind Turbine9Wind
    • Energy Storage1Energy storage
    Order
    1. Advanced Bot LabAdvanced Bot Lab after 4 mex, 13 wind, 3 con turretdone ~4:18, middle half 4:08–4:33
    Builders
    • Construction Turret3 Con turret
    • Lazarus3 Lazarus
    • Construction Bot2 Con bot
    • Construction Bot1 Con bot for allies

    Some games also: converter (42%)

    By 3:22 in all: 4 mex · 13 wind · 1 energy storage · 3 con turret

    The example game in this phase · 18 steps
    1. LazarusLazarus
    2. Wind ×3
    3. Construction BotCon bot
    4. Wind
    5. LazarusLazarus
    6. Wind ×2
    7. Construction BotCon botfor Air
    8. Wind
    9. Mex
    10. LazarusLazarus
    11. Con turret
    12. Wind
    13. LazarusLazarus
    14. Con turret
    15. Wind
    16. Energy storage
    17. Con turret
    18. Advanced Bot LabAdvanced Bot Labdone 4:18 · typical 4:18
  3. 3

    Advanced Bot Lab to 5:00

    Economy
    • Wind Turbine1Wind−2 vs standard
    Order
    1. Bot LabEat Bot Lab
    Builders
    • Advanced Construction Bot1 T2 con bot for allies

    Some games also: converter (43%)

    By 5:00 in all: 4 mex · 15 wind · 2 converter · 1 energy storage · 3 con turret

    The example game in this phase · 6 steps
    1. Wind ×2
    2. Bot LabEat Bot Labreclaimed for its metal
    3. Wind ×2
    4. Converter ×4
    5. Advanced Construction BotT2 con botfor Geo
    6. Advanced Metal ExtractorT2 mexdone 5:14 · typical 5:17
  4. 4

    5:00 to T2 bot snipers

    Economy
    • Wind Turbine16Wind+5 vs standard
    • Energy Converter1Converter
    Order
    1. SharpshooterT2 bot snipers after 4 mex, 31 wind, 5 converterdone ~8:38, middle half 7:40–9:45
    Builders
    • Butler4 Butler
    • Advanced Construction Bot3 T2 con bot for allies

    Some games also: T2 con bot (35%)

    By 8:10 in all: 4 mex · 31 wind · 5 converter (standard 3) · 1 energy storage · 3 con turret

    The example game in this phase · 51 steps
    1. Advanced Construction BotT2 con botfor Air
    2. Advanced Metal ExtractorT2 mex ×2
    3. Advanced Construction BotT2 con botfor Geo sea
    4. ButlerButler ×3
    5. Advanced Metal ExtractorT2 mex
    6. FatboyFatboyfor Ponddone 7:59
    7. Wind ×2for Front
    8. Wind
    9. Wind ×2for Front
    10. Wind
    11. Wind ×2for Front
    12. Advanced Construction BotT2 con botfor Pond
    13. Wind
    14. Windfor Front
    15. Advanced Construction BotT2 con botfor Beach sea
    16. Windfor Front
    17. Wind
    18. Windfor Front
    19. ButlerButler
    20. Windfor Front
    21. ButlerButler
    22. Wind
    23. ButlerButler
    24. Wind ×2for Front
    25. Wind
    26. ButlerButler
    27. Windfor Front
    28. ButlerButler
    29. Windfor Front
    30. Wind
    31. ButlerButler
    32. Wind ×2for Front
    33. ButlerButler
    34. Wind
    35. ButlerButler
    36. Wind ×2for Front
    37. Wind ×2
    38. ButlerButler
    39. Wind ×2
    40. Windfor Front
    41. Converter
    42. Windfor Front
    43. ButlerButler
    44. Wind ×3
    45. Converter
    46. Wind ×2
    47. Converter
    48. Wind
    49. Windfor Front
    50. Wind ×3
    51. SharpshooterSniper botdone 10:17 · typical 8:38
  5. 5

    T2 bot snipers to 10:00

    Economy
    • Wind Turbine19Wind−11 vs standard
    Army
    • Sharpshooter1 Sniper bot

    Some games also: converter (47%) · Butler (45%) · T2 con bot for allies (42%)

    The standard build makes here, this one skips: 4 converter · 5 Butler

    By 10:00 in all: 4 mex · 54 wind · 7 converter · 1 energy storage · 3 con turret

    The example game in this phase · 147 steps
    1. Wind
    2. Converter ×2
    3. Wind ×2
    4. Converter
    5. Windfor Front
    6. Wind
    7. Converter
    8. Wind ×2
    9. Converter
    10. Wind ×3
    11. Converter ×2
    12. Windfor Front
    13. Wind ×3
    14. SharpshooterSniper bot
    15. Converter
    16. Wind
    17. Converter
    18. Wind ×2
    19. Converter
    20. Windfor Front
    21. Wind ×4
    22. Converter ×2
    23. Wind ×2
    24. Advanced solar
    25. Windfor Front
    26. Converter
    27. Wind ×3
    28. Converter
    29. Wind
    30. Converter
    31. Wind ×2
    32. Windfor Front
    33. Converter ×2
    34. Wind ×4
    35. Converter
    36. Wind ×2
    37. Converter
    38. Windfor Front
    39. Converter
    40. Wind ×4
    41. Converter ×2
    42. Wind ×2
    43. Windfor Front
    44. Converter
    45. Advanced solar
    46. Wind ×2
    47. Advanced Construction BotT2 con bot
    48. Wind
    49. Converter
    50. Wind
    51. Converter
    52. Wind ×2
    53. Windfor Front
    54. Converter
    55. Wind
    56. Converter
    57. Wind ×3
    58. Converter
    59. Wind ×2
    60. Advanced solar
    61. Converter
    62. Windfor Front
    63. Converter
    64. Wind ×4
    65. TracerTracer
    66. Converter
    67. Wind
    68. Converter
    69. Wind
    70. UmbrellaAnti-nukedone 12:37
    71. Con turret
    72. Windfor Front
    73. Converter
    74. Wind ×4
    75. Con turret
    76. Converter ×2
    77. Wind ×2
    78. Con turret
    79. Windfor Front
    80. Wind
    81. Converter ×2
    82. Wind ×3
    83. Converter
    84. Wind
    85. Converter ×2
    86. Wind ×2
    87. Converter ×2
    88. Wind ×3
    89. Converter
    90. Wind ×3
    91. Converter ×2
    92. Wind ×3
    93. Converter ×2
    94. Fusion ReactorFusiondone 13:51
    95. Wind ×3
    96. Converter
    97. Wind
    98. Con turret
    99. Converter ×2
    100. Wind ×7
    101. Converter ×2
    102. Wind ×2
    103. Converter
    104. Wind ×3
    105. Converter
    106. Wind
    107. Converter
    108. Wind ×4
    109. Converter ×2
    110. Wind ×4
    111. Converter
    112. Wind
    113. Converter
    114. Wind
    115. Converter
    116. Wind ×5
    117. Converter ×2
    118. Wind ×2
    119. Converter
    120. Wind ×3
    121. T2 converter
    122. Wind
    123. Converter
    124. Wind
    125. Converter
    126. Wind ×2
    127. Converter
    128. Wind ×3
    129. Converter
    130. Advanced Bot LabEat Advanced Bot Labreclaimed for its metal
    131. Wind ×2
    132. Converter
    133. Advanced Fusion ReactorAdvanced Fusion Reactornot finished by 15:00
    134. Wind
    135. Converter
    136. Wind ×2
    137. Converter
    138. Wind ×4
    139. Converter
    140. Con turret
    141. Converter
    142. Wind ×3
    143. Converter
    144. Con turret
    145. Wind ×4
    146. Converter
    147. Wind ×14

Counts are medians over the build's games: half of them build more, half fewer. The example game is BenziR's (32 OS, 09/10/2026); pick another.

Team trades

IN AT LEAST 30% OF ITS GAMES

You hand over

  • Construction Bot1 Con bot to Airfirst at 2:24 · in 89% of games
  • Advanced Construction Bot5 T2 con bot to Geo sea or Air or Pondfirst at 4:59 · in 100% of games
  • Butler2 Butler to Geo sea or Beach seafirst at 10:30 · in 36% of games

You get

  • Hercules2 Light transport from Airfirst at 4:05 · in 88% of games

How it plays out

Typical game of this build against the role’s standard build, running totals by minute

  • This build
  • Standard tech

Metal produced

020k40k
0:005:0010:0015:00

metal

Enemy metal destroyed

01k2k3k
0:005:0010:0015:00

metal

Own metal lost

05001k
0:005:0010:0015:00

metal

99 games.

Show as table
ByMetal produced: This buildMetal produced: Standard techEnemy metal destroyed: This buildEnemy metal destroyed: Standard techOwn metal lost: This buildOwn metal lost: Standard tech
1:003833830000
2:009139150000
3:00160316520000
4:00309831440000
5:00486948480000
6:00595358020000
7:00751272300000
8:00930490650000
9:0011440111790000
10:001379313524183000
11:0016225162426500740
12:001895519652101401300
13:002217423428153803210
14:0026192272851801068074
15:0029993315072494115832130
WHAT THE NUMBERS SAY

Won far less often than the standard build, losing a lot more metal for only a modest gain in enemy metal destroyed.

  • + Enemy metal destroyed by 15:00 well above standard (2598 vs 262).
  • − Team win rate collapses to 21% vs standard's 53%.
  • − Own metal lost by 15:00 far exceeds standard (1360 vs 196).
THE EXAMPLE YOU ARE READING

BenziR

31.7 OS · 09/10/2026

Open source match ↗

2 received units
2776 metal received · 19073 energy received

Allied construction assistance is unknown. Timings are observations, not a promise of solo reproducibility.

Typical milestones

Bot Lab1:17Middle 50%: 1:13–1:38 · n=99
Advanced Bot Lab4:18Middle 50%: 4:08–4:33 · n=99
Advanced Metal Extractor5:17Middle 50%: 4:57–5:42 · n=99
Sharpshooter8:38Middle 50%: 7:40–9:45 · n=99

Played most by

Amrissa15games of this buildDRM6games of this buildTheGeneraI5games of this buildenderOS14games of this buildKontraption4games of this build